Cogmind - Beta 15 @@@ ROGUE MODE // 2025.06.21 @ 18:12:28 Player: Peregrine Result: Destroyed by Lightning with EMDS Performance ------------- Evolutions (4) 2000 Regions Visited (12) 2400 Robots Destroyed (149) 745 Value Destroyed (5606) 5606 Prototype IDs (20) 400 Alien Tech Used (0) 0 Bonus (5382) 5382 TOTAL SCORE: 16533 Bonus ------- High Alert Combat Kills 846 Follower Combat Kills 2254 Entered Garrisons 200 Used RIF Installer 500 Entered DSFs 500 Network Hubs Disabled 200 Built Enhanced Grunts 300 A7 Reached Mainframe 300 Met R17 at Cetus 500 Friendly Fire -218 Cogmind --------- Core Integrity 0/850 Matter 15/300 Energy 325/325 System Corruption 4% Temperature Danger (435) Movement Treading (160) Location -6/Hub_04(d) Parts ------- > --- POWER (2) -------- Antimatter Reactor > --- PROPULSION (4) --- Centrium Heavy Treads Centrium Heavy Treads > --- UTILITY (7) ------ High-capacity Storage Unit Experimental Thermal Shield Improved Hacking Suite Improved Hacking Suite Advanced Hacking Suite > --- WEAPON (2) ------- Advanced Variable Charge Gun Bore Cannon > --- INVENTORY (20) --- Neutrino Core Centrium Heavy Treads Centrium Heavy Treads Improved Heat Sink Improved Heat Sink Hardened Heavy Armor Plating Centrium Medium Armor Plating Centrium Medium Armor Plating Centrium Medium Armor Plating Cooled Plasma Cannon Cooled Plasma Cannon Remote Datajack Peak State ------------ > --- POWER ------------ Reinforced Deuterium Engine Light Antimatter Reactor > --- PROPULSION ------- Centrium Heavy Treads Centrium Heavy Treads > --- UTILITY ---------- Advanced Heat Sink High-capacity Storage Unit Enhanced Optical Array Advanced Signal Interpreter Improved Terrain Scanner Centrium Medium Armor Plating Medium Regenerative Plating > --- WEAPON ----------- Advanced Variable Charge Gun Advanced Variable Charge Gun > --- INVENTORY -------- Neutrino Core Neutrino Core Centrium Heavy Treads Centrium Heavy Treads Hardened Heavy Armor Plating Hardened Heavy Armor Plating Centrium Medium Armor Plating Centrium Medium Armor Plating Centrium Medium Armor Plating Advanced Hacking Suite Cooled Plasma Cannon Cooled Plasma Cannon Bore Cannon Long-range Missile Launcher Remote Datajack [Rating: 110] Favorites ----------- Power Reinforced Deuterium Engine Engine Reinforced Deuterium Engine Power Core Neutrino Core Reactor Light Antimatter Reactor Propulsion Carbon-fiber Leg Treads Centrium Heavy Treads Leg Carbon-fiber Leg Flight Unit Flight Unit Utility High-capacity Storage Unit Device Improved Terrain Scanner Storage High-capacity Storage Unit Processor Core Analyzer Hackware Hacking Suite Protection Medium Regenerative Plating Weapon Cooled Plasma Cannon Energy Gun Advanced Variable Charge Gun Energy Cannon Cooled Plasma Cannon Ballistic Gun Assault Rifle Ballistic Cannon Magnetic Acceleration Cannon Launcher Mini Grenade Launcher Special Weapon Remote Datajack Slashing Weapon Axe Build | -11 -10 -9 -9 -8 -8 -7 -7 -6 -6 -6 -6 -6 ------- Run | Yrd Mat Mat Min Mat Gar Fac DSF Fac Ext Cet Arc Hub Slots Evolved 8 | . . 2 . 2 . 2 . 2 . . . . Power 1 | . . . . . . . . 1 . . . . Propulsion 2 | . . . . 2 . . . . . . . . Utility 5 | . . 2 . . . 2 . 1 . . . . Weapon . | . . . . . . . . . . . . . Parts Attached 122 | . . 17 . 7 30 4 10 22 11 9 9 3 Power 19 | . . 3 . . 5 . 3 2 4 . 1 1 Engine 12 | . . 3 . . 4 . 2 1 2 . . . Core 5 | . . . . . 1 . 1 1 1 . . 1 Reactor 2 | . . . . . . . . . 1 . 1 . Propulsion 34 | . . 3 . 2 11 1 4 7 3 3 . . Treads 12 | . . . . . 4 . 4 1 . 3 . . Leg 19 | . . 3 . 2 4 1 . 6 3 . . . Wheel . | . . . . . . . . . . . . . Hover . | . . . . . . . . . . . . . Flight 3 | . . . . . 3 . . . . . . . Utility 43 | . . 7 . 2 8 2 1 8 3 3 7 2 Device 12 | . . 3 . . 3 . . 3 . . 2 1 Storage 2 | . . . . 1 . . 1 . . . . . Processor 10 | . . 3 . 1 2 . . 2 2 . . . Hackware 9 | . . . . . . 2 . 2 1 . 4 . Protection 10 | . . 1 . . 3 . . 1 . 3 1 1 Artifact . | . . . . . . . . . . . . . Weapon 26 | . . 4 . 3 6 1 2 5 1 3 1 . Energy Gun 8 | . . 1 . 2 2 1 . . . 1 1 . Energy Cannon 4 | . . . . . . . . 3 1 . . . Ballistic Gun 5 | . . 1 . 1 1 . 2 . . . . . Ballistic Cannon 2 | . . . . . 1 . . . . 1 . . Launcher 3 | . . 1 . . . . . 1 . 1 . . Special Weapon 3 | . . 1 . . 1 . . 1 . . . . Impact Weapon . | . . . . . . . . . . . . . Slashing Weapon 1 | . . . . . 1 . . . . . . . Piercing Weapon . | . . . . . . . . . . . . . Special Melee Weapon . | . . . . . . . . . . . . . Unidentified Prototypes 8 | . . 1 . 1 . 1 . 2 . 3 . . Corrupted Parts 2 | . . . . . 1 . . . . 1 . . System Corruption 12 | . . . . . 4 . . . . 8 . . Parts Lost 31 | . 1 1 1 . 15 . 2 4 2 1 . 4 Power 7 | . . . . . 3 . . 1 1 . . 2 Propulsion 11 | . . . . . 8 . . 2 1 . . . Utility 6 | . . 1 . . 3 . 1 1 . . . . Weapon 7 | . 1 . 1 . 1 . 1 . . 1 . 2 Highest Loss Streak 6 | . 1 1 1 . 6 . 2 3 1 1 . 4 To Critical Strikes 1 | . . . . . . . . . . 1 . . Average Backups 12 | 6 6 7 6 7 9 9 11 16 15 16 15 13 Power 1 | 1 1 . . 1 . . . 1 1 2 2 1 Propulsion 1 | 4 4 3 2 . . . . . 2 2 2 2 Utility 4 | . . 1 2 3 3 4 5 7 2 5 6 4 Weapon 5 | 1 1 . 1 1 4 4 4 6 7 6 4 3 Tool/Special . | . . . . . . . . . . . . . Unused Backups 28 | . . 2 . 2 6 . 1 . 7 5 . 5 Power 7 | . . 2 . . 1 . 1 . 2 . . 1 Propulsion 4 | . . . . . 1 . . . 1 1 . 1 Utility 13 | . . . . 2 2 . . . 4 2 . 3 Weapon 3 | . . . . . 1 . . . . 2 . . Tool/Special 1 | . . . . . 1 . . . . . . . Average Slot Usage (%) 89 | . 83 87 100 99 86 96 93 85 96 82 85 84 Engine 6 | . 14 10 11 9 6 . 4 4 6 6 6 4 Core 1 | . . . . . 1 7 2 1 2 . . . Reactor 1 | . . . . . . . . . 1 6 6 6 Treads 6 | . . . . . 7 3 6 14 . 10 13 13 Leg 16 | . 27 21 22 35 18 26 22 11 25 2 . . Device 9 | . . 11 . . 6 . . 8 16 13 10 . Storage 7 | . 14 11 11 9 9 7 8 6 6 6 6 6 Processor 12 | . . 9 22 23 10 15 15 13 12 13 10 5 Hackware 5 | . . . . . . 13 15 8 10 3 8 25 Protection 4 | . . 1 11 3 7 7 1 . . 7 8 6 Energy Gun 5 | . . 10 4 7 7 1 3 . . 1 12 10 Energy Cannon 3 | . . . . . . . . 8 11 3 . . Ballistic Gun 2 | . 27 7 . 7 2 . 4 . . . . . Peak Build Rating 110 | 6 6 20 21 32 35 43 44 67 77 107 110 108 Average Rating 55 | 6 5 16 20 28 24 39 40 54 71 92 107 105 On Entrance 42 | 6 6 3 20 20 32 32 39 43 67 77 103 108 Naked Turns . | . . . . . . . . . . . . . Heaviest Build 106 | 14 14 23 23 31 34 30 66 69 85 100 97 106 Greatest Support 160 | 20 20 30 30 60 60 56 112 112 80 160 160 160 Greatest Overweight (x) 1 | . 1 . . . 1 . 1 1 1 1 . . Average Overweight (x) . | . . . . . . . . . . . . . Largest Inventory Capacity 20 | 8 8 8 8 10 10 10 20 20 20 20 20 20 Average Capacity 15 | 8 8 8 8 9 10 10 17 20 20 20 20 20 Most Carried 20 | 6 8 8 8 10 10 10 15 20 20 20 20 18 Average Carried 13 | 6 6 7 6 7 9 9 11 16 15 19 19 17 Final Capacity 20 | 8 8 8 8 10 10 10 20 20 20 20 20 20 Final Carried 20 | 6 8 8 6 10 10 10 15 19 19 20 18 15 Class Distribution -------------------- 49% | Scavenger-Mutant 28% | Mutant 15% | Commander-Mutant 6% | Bothacker-Mutant Dominant Class ---------------- Mutant | -10/Materials Mutant | -9/Materials Mutant | -9/Mines Mutant | -8/Materials Scavenger-Mutant | -8/Garrison Scavenger-Mutant | -7/Factory Scavenger-Mutant | -7/DSF Bothacker-Mutant | -6/Factory Scavenger-Mutant | -6/Extension Commander-Mutant | -6/Cetus Scavenger-Mutant | -6/Archives Scavenger-Mutant | -6/Hub_04(d) Resources | -11 -10 -9 -9 -8 -8 -7 -7 -6 -6 -6 -6 -6 ----------- Run | Yrd Mat Mat Min Mat Gar Fac DSF Fac Ext Cet Arc Hub Matter Collected 3526 | 200 190 220 159 299 900 . 248 592 291 249 178 . Remotely . | . . . . . . . . . . . . . Salvage Created 5702 | . 306 308 85 490 1239 . 132 1428 949 191 439 135 Parts 323 | . 17 21 4 39 71 . 14 72 41 8 25 11 Haulers Intercepted 2 | . . 1 . 1 . . . . . . . . Recyclers Shooed 3 | . . 1 . . . . . 1 1 . . . Parts Field Recycled . | . . . . . . . . . . . . . Retrieved Matter . | . . . . . . . . . . . . . Parts Self-Destructed . | . . . . . . . . . . . . . Prevented . | . . . . . . . . . . . . . Kills | -11 -10 -9 -9 -8 -8 -7 -7 -6 -6 -6 -6 -6 ------- Run | Yrd Mat Mat Min Mat Gar Fac DSF Fac Ext Cet Arc Hub Combat Hostiles Destroyed 107 | . 9 6 3 17 34 . 5 18 11 2 1 1 Melee 1 | . . . . . . . 1 . . . . . Guns 47 | . 9 4 1 4 23 . 1 4 . . 1 . Cannons 18 | . . . . . . . . 5 11 2 . . AOE 40 | . . 2 2 13 10 . 3 9 . . . 1 Classes Destroyed 19 | . 3 5 1 2 5 . 2 1 . . . . Worker 8 | . . 1 . . . . . 5 . . . 2 Builder 4 | . . . . 1 . . . 2 1 . . . Hauler 2 | . . 1 . 1 . . . . . . . . Recycler 8 | . . . . 1 . . . 5 2 . . . Mechanic 1 | . . . . . . . . 1 . . . . Operator 12 | . 1 . . . . . . 1 1 . 9 . Watcher 4 | . . 1 . 1 . . . 2 . . . . Swarmer 30 | . 3 . . 8 10 . 3 6 . . . . Cutter 2 | . . . . . 2 . . . . . . . Grunt 33 | . 6 4 2 5 7 . . 6 2 . . 1 Brawler 3 | . . 1 . . 1 . . 1 . . . . Duelist 1 | . . . . . 1 . . . . . . . Sentry 19 | . . 1 . 4 7 . . . 6 . 1 . Demolisher 1 | . . . 1 . . . . . . . . . Specialist 2 | . . . . . . . 1 1 . . . . Hunter 5 | . . . . . 2 . . 2 1 . . . Programmer 6 | . . . . . 3 . . 2 1 . . . Heavy 1 | . . . . . . . 1 . . . . . Behemoth 2 | . . . . . 1 . . . 1 . . . Cetus Guard 2 | . . . . . . . . . . 2 . . Thug 1 | . . . . . . . . . . . . 1 Butcher 2 | . . . . . . . . . . 1 1 . Best Kill Streak 14 | . 7 4 2 10 7 . 3 14 3 1 3 2 Combat Bots Only 10 | . 7 3 2 8 7 . 3 10 2 1 1 1 Max Kills in Single Turn 3 | . 1 1 2 3 3 . 3 3 2 1 1 1 Gunslinging . | . . . . . . . . . . . . . Exploded 3 | . . 1 2 3 3 . 3 3 . . . 1 Melee 1 | . . . . . . . 1 . . . . . Uniques/NPCs Destroyed . | . . . . . . . . . . . . . Combat | -11 -10 -9 -9 -8 -8 -7 -7 -6 -6 -6 -6 -6 -------- Run | Yrd Mat Mat Min Mat Gar Fac DSF Fac Ext Cet Arc Hub Hostile Shots Fired 765 | . 56 21 3 39 141 . 26 158 151 5 16 149 Missed 240 | . 22 8 . 16 34 . 7 50 62 1 3 37 Hits 525 | . 34 13 3 23 107 . 19 108 89 4 13 112 Melee 5 | . . . . . 5 . . . . . . . Projectile 520 | . 34 13 3 23 102 . 19 108 89 4 13 112 AOE 5 | . . . 4 . 1 . . . . . . . Critical Strikes 21 | . . 1 . . 8 . 1 4 . 1 . 6 Damage Taken 8747 | . 481 209 131 295 1896 . 540 1903 592 252 299 2149 Core 1600 | . 139 25 29 73 195 . 255 247 39 . 25 573 Absorbed by Shields 419 | . . . . . . . . . 419 . . . Ignored by Resistances 11 | . . . . . . . . . . . . 11 Regen/Repaired (Parts) 214 | . . . . . . . . . . 116 69 29 Core Remaining (%) 68 | 100 44 . 86 . 51 . 63 . . . . . Volleys Fired 427 | . 32 29 3 32 119 . 17 65 48 15 52 15 Largest 2 | . 2 2 1 2 2 . 2 2 2 2 2 2 Hottest 480 | . 40 60 30 110 120 . 121 210 210 210 160 480 Shots Fired 763 | . 64 51 3 44 220 . 33 104 94 26 103 21 Gun 504 | . 64 44 2 28 196 . 22 36 . . 103 9 Cannon 177 | . . . . . 3 . 10 45 93 21 . 5 Launcher 67 | . . 7 1 16 21 . 1 12 1 1 . 7 Special 15 | . . . . . . . . 11 . 4 . . Kinetic 195 | . 64 22 2 18 51 . 11 19 . 3 . 5 Thermal 465 | . . 22 . 10 132 . 16 62 93 18 103 9 Explosive 67 | . . 7 1 16 21 . 1 12 1 1 . 7 Electromagnetic 21 | . . . . . 16 . 5 . . . . . Robot Hit Streak 22 | . 6 17 19 22 13 . 4 12 8 6 7 4 Robot Miss Streak 6 | . 6 2 . 3 4 . 2 4 4 2 3 4 Penetration Max 1 | . . . . . . . . 1 . . . . Secondary Targets 7 | . 2 1 . . 3 . . 1 . . . . Max Gunslinging Chain 1 | . 1 1 . . 1 . . 1 . . . . Shots Hit Robots 402 | . 34 23 2 28 101 . 25 59 52 15 55 8 Core Hits 296 | . 16 15 5 36 69 . 8 65 28 8 26 20 Critical Kills 1 | . . . . . . . . . . 1 . . Critical Parts Destroyed 2 | . . . . . . . . . . . . 2 Critical Strikes 9 | . . . . . 5 . 1 . . 1 . 2 Burn 4 | . . . . . 4 . . . . . . . Destroy 3 | . . . . . . . . . . 1 . 2 Corrupt 1 | . . . . . 1 . . . . . . . Sever 1 | . . . . . . . 1 . . . . . Melee Attacks 32 | . . . . . 28 . 4 . . . . . Impact . | . . . . . . . . . . . . . Slashing 32 | . . . . . 28 . 4 . . . . . Piercing . | . . . . . . . . . . . . . Sneak Attacks 2 | . . . . . . . 2 . . . . . Combat Hostiles 2 | . . . . . . . 2 . . . . . Follow-up Attacks . | . . . . . . . . . . . . . Damage Inflicted 16459 | . 453 564 176 1798 3401 . 851 3554 2068 955 1789 850 Guns 5624 | . 453 264 24 289 1932 . 239 547 . . 1789 87 Cannons 4459 | . . . . . . . 240 1353 2002 795 . 69 Explosions 6105 | . . 300 152 1509 1469 . 157 1642 22 160 . 694 Melee 215 | . . . . . . . 215 . . . . . Ramming 56 | . . . . . . . . 12 44 . . . Kinetic 1920 | . 453 119 24 164 430 . 240 357 . 64 . 69 Thermal 7862 | . . 145 . 125 1280 . 160 1543 2002 731 1789 87 Explosive 6035 | . . 300 152 1509 1469 . 157 1642 22 160 . 624 Electromagnetic 371 | . . . . . 222 . 79 . . . . 70 Impact . | . . . . . . . . . . . . . Slashing 215 | . . . . . . . 215 . . . . . Piercing . | . . . . . . . . . . . . . Highest Corruption 9 | . 2 . . . 6 . . 1 1 9 9 4 Average Corruption 3 | . 2 . . . 3 . . 1 1 8 7 2 Corruption Purged 9 | . . . . . . . . . . . 9 . Corruption Blocked . | . . . . . . . . . . . . . Effects 98 | . 4 . . . 30 . . . 18 23 22 1 Message Errors 35 | . . . . . 12 . . . 4 11 8 . Matter Fused 22 | . 1 . . . 7 . . . 1 5 8 . Heat Flow Errors 13 | . 3 . . . 3 . . . 3 4 . . Energy Discharges 10 | . . . . . 5 . . . 3 1 1 . Parts Rejected 1 | . . . . . . . . . . . . 1 Data Loss (minor) 7 | . . . . . 1 . . . 3 2 1 . Data Loss (major) 4 | . . . . . . . . . 2 . 2 . Misfires 4 | . . . . . 1 . . . 2 . 1 . Alerts 2 | . . . . . 1 . . . . . 1 . Overload Shots 35 | . . . . . . . . 10 8 15 . 2 Effects 3 | . . . . . . . . 1 . 2 . . Energy Bleed 2 | . . . . . . . . 1 . 1 . . Heat Surge 1 | . . . . . . . . . . 1 . . Overflow Damage 301 | . . 28 9 64 55 . 35 99 11 . . . Projectiles 65 | . . . . . . . 14 40 11 . . . Explosions 215 | . . 28 9 64 55 . . 59 . . . . Melee 21 | . . . . . . . 21 . . . . . Knockbacks 1 | . . . . . . . 1 . . . . . Impact . | . . . . . . . . . . . . . Kinetic 1 | . . . . . . . 1 . . . . . Secondary . | . . . . . . . . . . . . . Self-Inflicted Damage 535 | . 123 39 . 37 247 . . . . . . 89 Shots 12 | . 2 1 . 1 7 . . . . . . 1 Rammed . | . . . . . . . . . . . . . Targets Rammed 4 | . . . . . . . . 2 2 . . . Kicked 4 | . . . . . . . . 2 2 . . . Crushed . | . . . . . . . . . . . . . Highest Temperature 625 | . 191 17 . 66 368 . 60 189 203 487 411 625 Average Temperature 114 | . 65 7 . 32 94 . 35 59 70 136 112 290 Received Heat Transfer 1772 | . 165 114 . 90 423 . 72 444 155 . 54 255 Effects 29 | . . . . . 1 . . . . 3 3 22 Shutdowns 10 | . . . . . . . . . . 1 1 8 Energy Bleed 2 | . . . . . 1 . . . . 1 . . Interference 2 | . . . . . . . . . . . 1 1 Matter Decay 4 | . . . . . . . . . . 1 . 3 Damage (minor) 1 | . . . . . . . . . . . 1 . Damage (major) 7 | . . . . . . . . . . . . 7 Damage (core) 3 | . . . . . . . . . . . . 3 Siege Activations . | . . . . . . . . . . . . . Martial Activations . | . . . . . . . . . . . . . Shielding Activations . | . . . . . . . . . . . . . Robots Disrupted . | . . . . . . . . . . . . . Combat Hostiles . | . . . . . . . . . . . . . Robots Corrupted 1 | . . . . . 1 . . . . . . . Combat Hostiles 1 | . . . . . 1 . . . . . . . Parts Fried 2 | . . . . . 1 . 1 . . . . . Impact Corruptions . | . . . . . . . . . . . . . Robots Melted . | . . . . . . . . . . . . . Combat Hostiles . | . . . . . . . . . . . . . Parts Melted 27 | . . . 1 . 9 . . 10 5 . 2 . Heat Transferred 11818 | . . 325 . 259 2409 . 296 2273 2925 950 2294 87 Parts Sabotaged . | . . . . . . . . . . . . . Parts Stolen . | . . . . . . . . . . . . . Parts Stripped . | . . . . . . . . . . . . . Power Chain Reactions . | . . . . . . . . . . . . . Alert | -11 -10 -9 -9 -8 -8 -7 -7 -6 -6 -6 -6 -6 ------- Run | Yrd Mat Mat Min Mat Gar Fac DSF Fac Ext Cet Arc Hub Maximum Alert Level 4 | . 1 . . 2 4 3 3 3 3 2 1 2 Low Security (%) 33 | 100 72 100 100 56 1 . . . 26 . 98 64 Level 1 15 | . 27 . . 41 14 . . 1 34 8 1 25 Level 2 27 | . . . . 2 14 . 50 74 29 91 . 9 Level 3 15 | . . . . . 34 100 50 23 10 . . . Level 4 8 | . . . . . 34 . . . . . . . Level 5 . | . . . . . . . . . . . . . High Security . | . . . . . . . . . . . . . Max Security . | . . . . . . . . . . . . . Sterilizations 1 | . . . . . . . 1 . . . . . Peak Influence 1572 | . 254 112 101 402 1572 825 778 769 909 543 209 425 Initial 825 | . . 90 9 20 167 825 570 408 351 507 154 9 Average 459 | . 105 42 43 165 888 820 703 641 376 461 68 142 Influence Increases 6848 | . 337 308 133 532 1615 . 228 902 1531 394 342 526 Destroy 0b10 Robot/C 3140 | . 180 120 100 340 720 . 180 560 600 160 80 100 Destroy 0b10 Robot/NC 255 | . 5 15 . 20 15 . 5 85 45 10 45 10 Destroy Leader 406 | . 30 34 20 74 30 . 20 94 74 . . 30 Allied During Kill 1144 | . . . 7 . 21 . 18 65 642 170 125 96 Successful Hack 83 | . 3 16 . 4 . . . . 36 24 . . Disable Machine 390 | . 45 45 . 15 . . . 45 60 . 90 90 Anti-Garrison Action 650 | . . . . . 650 . . . . . . . Destroy Structure 615 | . 44 48 6 79 164 . 5 53 44 30 2 140 Lose Combat Pursuer 165 | . 30 30 . . 15 . . . 30 . . 60 Influence Decreases 6473 | . 123 496 106 328 300 757 265 962 1342 916 699 179 Entered New Map 2643 | . . 124 17 33 90 747 245 370 367 400 231 19 Time Decay 2408 | . 113 260 79 145 . 10 . 452 595 326 368 60 Lost Part 310 | . 10 10 10 . 150 . 20 40 20 10 . 40 Lost Ally 560 | . . . . . 60 . . 100 60 180 100 60 Purge Threat 552 | . . 102 . 150 . . . . 300 . . . Squads Dispatched 16 | . 2 1 1 1 . . 1 8 2 . . . Investigation 1 | . 1 . . . . . . . . . . . Extermination 2 | . . . . . . . . 2 . . . . Reinforcement 11 | . 1 1 . 1 . . 1 6 1 . . . Assault 2 | . . . 1 . . . . . 1 . . . Garrison . | . . . . . . . . . . . . . Intercept . | . . . . . . . . . . . . . Searches Triggered . | . . . . . . . . . . . . . Construction Impeded 3 | . . . . 1 . . . 1 1 . . . Haulers Reinforced 2 | . . . . . . . . 2 . . . . Active Scanning Responses . | . . . . . . . . . . . . . Cargo Convoy Interrupts . | . . . . . . . . . . . . . Stealth | -11 -10 -9 -9 -8 -8 -7 -7 -6 -6 -6 -6 -6 --------- Run | Yrd Mat Mat Min Mat Gar Fac DSF Fac Ext Cet Arc Hub Distress Signals 7 | . 2 1 . 1 . . . 1 . 1 . 1 Communications Jammed . | . . . . . . . . . . . . . Distress Signals . | . . . . . . . . . . . . . Times Spotted 240 | . 17 12 6 19 37 . 8 46 35 10 39 11 Peak Tracking Total 13 | . 6 4 3 9 6 . 3 7 6 5 2 13 Tactical Retreats 7 | . 2 1 . . 1 . . . 2 . . 1 Traps | -11 -10 -9 -9 -8 -8 -7 -7 -6 -6 -6 -6 -6 ------- Run | Yrd Mat Mat Min Mat Gar Fac DSF Fac Ext Cet Arc Hub Traps Triggered 12 | . 2 1 . . 7 . . . 2 . . . Indirectly . | . . . . . . . . . . . . . Trap Hack Attempts . | . . . . . . . . . . . . . Triggered . | . . . . . . . . . . . . . Disarmed . | . . . . . . . . . . . . . Reprogrammed . | . . . . . . . . . . . . . Reused . | . . . . . . . . . . . . . Traps Extracted . | . . . . . . . . . . . . . Installed . | . . . . . . . . . . . . . Triggered . | . . . . . . . . . . . . . Machines | -11 -10 -9 -9 -8 -8 -7 -7 -6 -6 -6 -6 -6 ---------- Run | Yrd Mat Mat Min Mat Gar Fac DSF Fac Ext Cet Arc Hub Machines Disabled 31 | . 3 3 . 1 2 . . 3 7 . 6 6 Max in Single Turn 6 | . 3 1 . 1 1 . . 2 1 . 1 6 Garrison Access 1 | . . . . . . . . . . . . 1 Garrison Relay 2 | . . . . . 2 . . . . . . . Network Hub 1 | . . . . . . . . . . . . 1 Machines Repaired . | . . . . . . . . . . . . . Machines Dismantled 1 | . . 1 . . . . . . . . . . Machines Sabotaged . | . . . . . . . . . . . . . Overloaded Fab Kills . | . . . . . . . . . . . . . Hacking | -11 -10 -9 -9 -8 -8 -7 -7 -6 -6 -6 -6 -6 --------- Run | Yrd Mat Mat Min Mat Gar Fac DSF Fac Ext Cet Arc Hub Machines Accessed 36 | . 3 5 . 4 3 1 . 2 13 3 1 1 Terminals 32 | . 3 4 . 3 3 1 . 2 13 3 . . Fabricators . | . . . . . . . . . . . . . Repair Stations . | . . . . . . . . . . . . . Recycling Units . | . . . . . . . . . . . . . Scanalyzers 1 | . . 1 . . . . . . . . . . Garrison Access 2 | . . . . 1 . . . . . . . 1 Total Hacks 109 | . 9 14 . 8 8 1 . 4 34 5 25 1 Successful 68 | . 3 9 . 5 . 1 . . 20 4 25 1 Failed 41 | . 6 5 . 3 8 . . 4 14 1 . . Catastrophic 12 | . 2 3 . 1 4 . . . 2 . . . Database Lockouts . | . . . . . . . . . . . . . Manual 33 | . 7 5 . 7 2 . . 4 7 1 . . Terminals 77 | . 9 9 . 7 8 1 . 4 34 5 . . Fabricators . | . . . . . . . . . . . . . Repair Stations . | . . . . . . . . . . . . . Recycling Units . | . . . . . . . . . . . . . Scanalyzers 5 | . . 5 . . . . . . . . . . Garrison Access 2 | . . . . 1 . . . . . . . 1 Terminal Hacks 55 | . 3 4 . 1 . 1 . . 17 4 25 . Record 29 | . 1 . . . . . . . . 3 25 . Robot Analysis 1 | . . 1 . . . . . . . . . . Prototype ID Bank 3 | . . 1 . . . . . . 2 . . . Open Door 10 | . . . . . . . . . 9 1 . . Open DSF 1 | . . . . . . 1 . . . . . . Terminal Index 2 | . 1 . . . . . . . 1 . . . Alert Level 1 | . . 1 . . . . . . . . . . Unreport Threat 4 | . . 1 . 1 . . . . 2 . . . Maintenance Status 1 | . 1 . . . . . . . . . . . Zone Layout 3 | . . . . . . . . . 3 . . . Fabricator Hacks . | . . . . . . . . . . . . . Repair Station Hacks . | . . . . . . . . . . . . . Recycling Unit Hacks . | . . . . . . . . . . . . . Scanalyzer 5 | . . 5 . . . . . . . . . . Insert Component 3 | . . 3 . . . . . . . . . . Analyze 2 | . . 2 . . . . . . . . . . Garrison Access Hacks 2 | . . . . 1 . . . . . . . 1 Unlock Access 1 | . . . . 1 . . . . . . . . Seal Access 1 | . . . . . . . . . . . . 1 Unauthorized Hacks 6 | . . . . 3 . . . . 3 . . . Terminals 6 | . . . . 3 . . . . 3 . . . Botnet 6 | . . . . 3 . . . . 3 . . . Fabricators . | . . . . . . . . . . . . . Repair Stations . | . . . . . . . . . . . . . Recycling Units . | . . . . . . . . . . . . . Scanalyzers . | . . . . . . . . . . . . . Garrison Access . | . . . . . . . . . . . . . Data Cores Recovered 2 | . . . . . . . . . 2 . . . Used 1 | . . . . . . . . . 1 . . . Hacking Detections 24 | . 3 5 . 3 3 . . 2 6 2 . . Full Trace Events 5 | . 2 . . . 3 . . . . . . . Feedback Events 1 | . . . . . 1 . . . . . . . Corruption 1 | . . . . . 1 . . . . . . . Feedback Blocked . | . . . . . . . . . . . . . Robot Schematics Acquired . | . . . . . . . . . . . . . Robots Built . | . . . . . . . . . . . . . Authchips . | . . . . . . . . . . . . . Time . | . . . . . . . . . . . . . Total Robot Build Rating . | . . . . . . . . . . . . . Part Schematics Acquired 2 | . . 2 . . . . . . . . . . Parts Built . | . . . . . . . . . . . . . Authchips . | . . . . . . . . . . . . . Time . | . . . . . . . . . . . . . Total Part Build Rating . | . . . . . . . . . . . . . Parts Repaired . | . . . . . . . . . . . . . Time . | . . . . . . . . . . . . . Parts Recycled . | . . . . . . . . . . . . . Recycled Matter . | . . . . . . . . . . . . . Retrieved Matter . | . . . . . . . . . . . . . Retrieved Components . | . . . . . . . . . . . . . Parts Scanalyzed 2 | . . 2 . . . . . . . . . . Part Schematics Acquired 2 | . . 2 . . . . . . . . . . Parts Damaged . | . . . . . . . . . . . . . Bothacking | -11 -10 -9 -9 -8 -8 -7 -7 -6 -6 -6 -6 -6 ------------ Run | Yrd Mat Mat Min Mat Gar Fac DSF Fac Ext Cet Arc Hub Used RIF Installer 1 | . . . . . 1 . . . . . . . Robots Hacked 9 | . . . . . . . . 6 . 3 . . Non-combat . | . . . . . . . . . . . . . Combat 9 | . . . . . . . . 6 . 3 . . Robot Hacks Applied 9 | . . . . . . . . 6 . 3 . . parse_system 3 | . . . . . . . . . . 3 . . spike_heat 1 | . . . . . . . . 1 . . . . formatsys_high 5 | . . . . . . . . 5 . . . . Relay Couplers Released 10 | . . . . . 9 . . . . . . 1 Machine Destruction 10 | . . . . . 9 . . . . . . 1 Attached 3 | . . . . . . 2 . 1 . . . . Fabnet Peak Effective % . | . . . . . . . . . . . . . Robots Rewired 18 | . . . . . 5 . . . 13 . . . Allies Hacked . | . . . . . . . . . . . . . Hacks Repelled . | . . . . . . . . . . . . . Allies | -11 -10 -9 -9 -8 -8 -7 -7 -6 -6 -6 -6 -6 -------- Run | Yrd Mat Mat Min Mat Gar Fac DSF Fac Ext Cet Arc Hub Total Allies 42 | . . . 1 . 5 . . 5 26 5 . . Largest Group 20 | . . . 1 . 3 2 2 3 20 19 13 6 Highest-Rated Group 958 | . . . 31 . 72 59 59 90 707 958 716 454 Highest-Rated Ally 159 | . . . 31 . 39 39 39 39 159 153 96 96 Total Orders 2 | . . . . . . . . . . . . 2 STAY 1 | . . . . . . . . . . . . 1 FOLLOW 1 | . . . . . . . . . . . . 1 Ally Attacks 459 | . . . 11 . 27 . 26 68 187 66 35 39 Total Damage 9290 | . . . 149 . 589 . 429 1014 3531 1395 959 1224 Kills 66 | . . . 3 . 2 . 5 11 27 9 4 5 Allies Corrupted 2 | . . . . . . . . . . . . 2 Allies Melted . | . . . . . . . . . . . . . Intel | -11 -10 -9 -9 -8 -8 -7 -7 -6 -6 -6 -6 -6 ------- Run | Yrd Mat Mat Min Mat Gar Fac DSF Fac Ext Cet Arc Hub Active Infowar (turns) 5697 | . . 285 220 364 602 . . 594 1471 732 1257 172 Optics 4295 | . . 117 220 364 602 . . . 831 732 1257 172 Sensors 168 | . . 168 . . . . . . . . . . IFF 603 | . . . . . . . . 302 301 . . . Terrain 3664 | . . . . . . . . 594 1464 732 874 . Robot Analysis Total 1 | . . 1 . . . . . . . . . . Derelict Logs Recovered . | . . . . . . . . . . . . . Drone Launches . | . . . . . . . . . . . . . Drone Recoveries . | . . . . . . . . . . . . . Exploration | -11 -10 -9 -9 -8 -8 -7 -7 -6 -6 -6 -6 -6 ------------- Run | Yrd Mat Mat Min Mat Gar Fac DSF Fac Ext Cet Arc Hub Turns Passed 9643 | 3 351 602 220 364 2360 37 274 1132 2130 732 1257 181 Spaces Moved 4937 | 3 174 352 149 204 1453 24 138 532 989 286 553 80 Core . | . . . . . . . . . . . . . Treads 1486 | . . . . . 273 . 39 280 . 261 553 80 Legs 3312 | 3 174 352 149 204 1041 24 99 252 989 25 . . Wheels . | . . . . . . . . . . . . . Hover . | . . . . . . . . . . . . . Flight 139 | . . . . . 139 . . . . . . . Fastest Speed 44 | 120 120 120 120 120 44 90 100 112 105 160 160 160 Average Speed 137 | 120 120 120 120 120 114 96 122 148 160 173 160 160 Slowest Speed 240 | 120 190 120 120 120 240 100 190 190 187 240 160 160 Overloaded Moves . | . . . . . . . . . . . . . Propulsion Burnouts . | . . . . . . . . . . . . . Robots Hopped . | . . . . . . . . . . . . . Potential Cave-ins . | . . . . . . . . . . . . . Cave-ins Triggered . | . . . . . . . . . . . . . Exploration Rate (%) 50 | 2 37 40 29 22 85 . 79 20 95 88 99 12 Regions Visited 12 Branch Regions 5 Pre-discovered Areas . | . . . . . . . . . . . . . Known Exits Taken 5 | . . . . 1 . 1 . . 1 1 1 . Unknown Exits Taken 5 | 1 1 1 1 . . . . 1 . . . . Scrap Searched . | . . . . . . . . . . . . . Spaces Dug 32 | . . . . . 32 . . . . . . . Terrain Destroyed 681 | . 47 61 6 125 113 . 4 65 24 30 2 204 Melee 14 | . . . . . 14 . . . . . . . Projectile 43 | . . . . . 2 . . 9 21 7 2 2 AOE 624 | . 47 61 6 125 97 . 4 56 3 23 . 202 Terrain Rammed . | . . . . . . . . . . . . . Walls Destroyed . | . . . . . . . . . . . . . Machines Disabled . | . . . . . . . . . . . . . Actions | -11 -10 -9 -9 -8 -8 -7 -7 -6 -6 -6 -6 -6 --------- Run | Yrd Mat Mat Min Mat Gar Fac DSF Fac Ext Cet Arc Hub Total 6952 | 2 251 472 188 277 1878 38 204 768 1437 503 824 110 Wait 948 | . 44 43 30 14 105 7 2 96 248 158 201 . Move 4925 | 2 173 351 148 204 1451 23 137 531 988 285 552 80 Hop . | . . . . . . . . . . . . . Pick Up 129 | . 2 13 2 11 23 2 16 23 20 13 1 3 Fast Attach 22 | . . 7 . . 9 . . . . . 6 . Attach 75 | . . 9 1 2 15 3 9 13 8 7 3 5 Detach 18 | . . 1 . . 4 1 2 1 5 4 . . Swap 99 | . . 5 1 10 24 1 8 22 17 6 1 4 Drop 98 | . . 10 3 4 17 1 9 11 17 15 8 3 Fire 427 | . 32 29 3 32 119 . 17 65 48 15 52 15 Melee 32 | . . . . . 28 . 4 . . . . . Ram . | . . . . . . . . . . . . . Kick 4 | . . . . . . . . 2 2 . . . Crush . | . . . . . . . . . . . . . Escape Stasis 30 | . . . . . 20 . . . 10 . . . Rewire 141 | . . . . . 63 . . 4 74 . . . Trap . | . . . . . . . . . . . . . Miscellaneous 4 | . . 4 . . . . . . . . . . Route ------- -11/Scrapyard -10/Materials -9/Materials -9/Mines -8/Materials (discovered 2 exits: *Fac / Gar) -8/Garrison (discovered 3 exits: *Fac x3) -7/Factory -7/DSF -6/Factory (discovered 2 exits: *Fac / *Ext) -6/Extension (discovered 3 exits: *Fac x2 / *Cet) -6/Cetus (discovered 2 exits: *Fac / *Arc) -6/Archives (discovered 3 exits: *Fac / *Hub x2) -6/Hub_04(d) History --------- Turn | Location | Event 1 | -11/Scrapyard | Discovered new exit (range 3) 4 | -11/Scrapyard | Entered Materials 267 | -10/Materials | Core integrity fell below 50% 305 | -10/Materials | Build established: Mutant 305 | -10/Materials | Destroyed 7 combat bots 326 | -10/Materials | Discovered new exit (range 16) 355 | -10/Materials | Entered another Materials area 355 | -9/Materials | Evolved 2 slots: Utility x2 919 | -9/Materials | Discovered new exit (range 8) 957 | -9/Materials | Entered Mines 960 | -9/Mines | Met a Derelict testing a Signal Generator 965 | -9/Mines | Found Signal Generator 973 | -9/Mines | Met a Derelict bent on vengeance 1149 | -9/Mines | Assembled infested the area 1153 | -9/Mines | Discovered new exit (range 9) 1154 | -9/Mines | Assisted by a Guerilla fighting off Assembled 1177 | -9/Mines | Entered Materials 1177 | -8/Materials | Evolved 2 slots: Propulsion x2 1370 | -8/Materials | Destroyed 7 combat bots 1428 | -8/Materials | Destroyed 8 combat bots 1433 | -8/Materials | Discovered new exit (range 18) 1541 | -8/Materials | Identified exit to Garrison 1541 | -8/Materials | Entered Garrison 1553 | -8/Garrison | Triggered checkpoint 1751 | -8/Garrison | Triggered checkpoint 1753 | -8/Garrison | Garrison Relay disabled 1869 | -8/Garrison | Triggered checkpoint 1990 | -8/Garrison | Triggered checkpoint 2018 | -8/Garrison | Discovered new exit (range 12) 2293 | -8/Garrison | Destroyed 7 combat bots 2338 | -8/Garrison | Discovered new exit (range 10) 2383 | -8/Garrison | Lost 6 parts (1p2n2u1w) 2635 | -8/Garrison | Garrison Relay disabled 2765 | -8/Garrison | Build established: Scavenger-Mutant 2961 | -8/Garrison | Triggered checkpoint 2970 | -8/Garrison | Spotted B-75 Beast 2985 | -8/Garrison | Destroyed B-75 Beast 3022 | -8/Garrison | Discovered new exit (range 7) 3121 | -8/Garrison | Lost 3 allies 3565 | -8/Garrison | Installed Relay Interface Framework 3901 | -8/Garrison | Entered Factory 3901 | -7/Factory | Accompanied by 2 allies 3901 | -7/Factory | Evolved 2 slots: Utility x2 3931 | -7/Factory | Identified exit to DSF 3938 | -7/Factory | Entered DSF 3938 | -7/DSF | Accompanied by 2 allies 3973 | -7/DSF | Additional patrols routed to DSF 4096 | -7/DSF | Discovered new exit (range 14) 4135 | -7/DSF | Sterilization system engaged 4155 | -7/DSF | Ambient heat levels rising (+10) 4170 | -7/DSF | Ambient heat levels rising (+10) 4185 | -7/DSF | Ambient heat levels rising (+10) 4200 | -7/DSF | Ambient heat levels rising (+10) 4212 | -7/DSF | Entered Factory 4212 | -6/Factory | Accompanied by 1 ally 4212 | -6/Factory | Evolved 2 slots: Power x1, Utility x1 4439 | -6/Factory | Destroyed 10 combat bots 4460 | -6/Factory | Build established: Bothacker-Mutant 4475 | -6/Factory | Lost 3 parts (1p1n1u) 4479 | -6/Factory | Found Prototype Launcher 4480 | -6/Factory | Identified Scatter Rocket Array 4784 | -6/Factory | Discovered new exit (range 16) 5306 | -6/Factory | Discovered new exit (range 15) 5309 | -6/Factory | P-60 Hacker assimilated allied Soldier 5c 5318 | -6/Factory | Build established: Scavenger-Mutant 5344 | -6/Factory | Entered Extension 5358 | -6/Extension | Disrupted transfer network 5391 | -6/Extension | Rescued a captive Derelict 5413 | -6/Extension | Rescued a captive Derelict 5415 | -6/Extension | Rescued a captive Derelict 5437 | -6/Extension | Rescued A7 5849 | -6/Extension | Rescued a captive Derelict 5850 | -6/Extension | Rescued a captive Derelict 5919 | -6/Extension | Rescued a captive Derelict 5919 | -6/Extension | Rescued a captive Derelict 6027 | -6/Extension | Build established: Commander-Mutant 6336 | -6/Extension | Spotted B-75 Beast 6357 | -6/Extension | Spotted B-75 Beast 6367 | -6/Extension | Destroyed B-75 Beast 6428 | -6/Extension | Discovered new exit (range 3) 6449 | -6/Extension | Lost 4 allies 6468 | -6/Extension | Identified exit to Factory 6619 | -6/Extension | Discovered new exit (range 15) 6620 | -6/Extension | Discovered exit to Factory (range 15) 6641 | -6/Extension | Identified exit to Cetus 6700 | -6/Extension | Build established: Scavenger-Mutant 6727 | -6/Extension | Rescued a captive Derelict 6750 | -6/Extension | Rescued a captive Derelict 6751 | -6/Extension | Rescued a captive Derelict 7305 | -6/Extension | Rescued a captive Derelict 7307 | -6/Extension | Rescued a captive Derelict 7444 | -6/Extension | First assault squad dispatched 7469 | -6/Extension | Build established: Commander-Mutant 7474 | -6/Extension | Entered Cetus 7474 | -6/Cetus | Accompanied by 19 allies (A7) 7479 | -6/Cetus | Acquired a Cetus Manufacturing Module code from A7 7491 | -6/Cetus | Spotted Cetus Guard 7493 | -6/Cetus | Spotted Cetus Guard 7493 | -6/Cetus | Spotted Cetus Guard 7497 | -6/Cetus | Spotted Cetus Guard 7504 | -6/Cetus | Allies destroyed Cetus Guard 7517 | -6/Cetus | Allies destroyed Cetus Guard 7522 | -6/Cetus | Destroyed Cetus Guard 7527 | -6/Cetus | Allies destroyed Cetus Guard 7557 | -6/Cetus | Lost 7 allies 7676 | -6/Cetus | Started Cetus Manufacturing Module 7701 | -6/Cetus | Manufactured an Enhanced Grunt 7726 | -6/Cetus | Manufactured an Enhanced Grunt 7751 | -6/Cetus | Manufactured an Enhanced Grunt 7776 | -6/Cetus | Manufactured an Enhanced Grunt 7801 | -6/Cetus | Manufactured an Enhanced Grunt 7829 | -6/Cetus | Escorted A7 to Cetus Mainframe 7857 | -6/Cetus | Discovered new exit (range 21) 7892 | -6/Cetus | Spotted Cetus Guard 7892 | -6/Cetus | Spotted Cetus Guard 7892 | -6/Cetus | Spotted Cetus Guard 7892 | -6/Cetus | Spotted Cetus Guard 7904 | -6/Cetus | Allies destroyed Cetus Guard 7910 | -6/Cetus | Allies destroyed Cetus Guard 7910 | -6/Cetus | Discovered exit to Factory (range 22) 7913 | -6/Cetus | Allies destroyed Cetus Guard 7919 | -6/Cetus | Destroyed Cetus Guard 7926 | -6/Cetus | Extracted ID and sensor layout for unrecognized location from A7's data core 7929 | -6/Cetus | Found Med. Regenerative Plating 7943 | -6/Cetus | Met Revision 17 7949 | -6/Cetus | Lost 4 allies 8159 | -6/Cetus | Identified exit to Archives 8206 | -6/Cetus | Entered Archives 8206 | -6/Archives | Accompanied by 13 allies 8233 | -6/Archives | Discovered new exit (range 22) 8259 | -6/Archives | Lost 6 allies 8259 | -6/Archives | Unable to access archive contents 8276 | -6/Archives | Unable to access archive contents 8292 | -6/Archives | Discovered new exit (range 20) 8303 | -6/Archives | Unable to access archive contents 8334 | -6/Archives | Identified exit to Hub_04(d) 8434 | -6/Archives | Discovered exit to Factory (range 18) 8520 | -6/Archives | Build established: Scavenger-Mutant 9463 | -6/Archives | Entered Hub_04(d) 9463 | -6/Hub_04(d) | Accompanied by 6 allies 9556 | -6/Hub_04(d) | Network Hub disabled 9572 | -6/Hub_04(d) | Spotted B-75 Beast 9588 | -6/Hub_04(d) | Spotted Lightning 9595 | -6/Hub_04(d) | Spotted Lightning 9599 | -6/Hub_04(d) | Spotted Lightning 9606 | -6/Hub_04(d) | Allies destroyed Lightning 9617 | -6/Hub_04(d) | Allies destroyed B-75 Beast 9628 | -6/Hub_04(d) | Core integrity fell below 50% 9635 | -6/Hub_04(d) | Core integrity fell below 20% 9635 | -6/Hub_04(d) | Found Exp. Thermal Shield 9644 | -6/Hub_04(d) | Destroyed by Lightning with EMDS Last Messages --------------- 09631_ Penetrated by EMDS Slug. 09632_ Overheating: Core damaged (-144). 09632_ The unstable cave ceiling collapses. 09635_ Overheating: Core damaged (-170). 09635_ The unstable cave ceiling collapses. 09635_ Discarded Enh. Optical Array. 09635_ Acquired Exp. Thermal Shield. 09636_ Overheating: System interference. 09636_ Bore Cannon temporarily disabled. 09637_ Power failure, Neutrino Core shutdown. 09637_ Penetrated by EMDS Slug. 09638_ Overheating: Matter decay (-3). 09638_ Penetrated by EMDS Slug. 09640_ HV Slug penetrates Y-54 Guardian. 09640_ Dropped Hrd. Heavy Armor Plating. 09641_ The unstable cave ceiling collapses. 09641_ Acquired Imp. Heat Sink. 09642_ Neutrino Core destroyed. 09643_ Acquired Imp. Heat Sink. 09644_ Penetrated by EMDS Slug. Map ----- +----------------------------------------------------+ | | | | | | | | | | | | | | | | | | | | | | | | | ??????????????????????????#??#######?????????????? | | ?????????????????????????? # #????????????? | | ?????????????????????????? # #????????????? | | ???????????????????????? # #????????????? | | ????????????????????????"" #? #????????????? | | ?##????????????????????? #?"""" #????????????? | | ?# ????????????????????"" #??""" #????????????? | | ?#"""??????##########??? #??""" #????????????? | | ?#""""?????# #???"" #???"" ?????????????? | | ?#"""" ??### ##?? #??? ??????????????? | | ?#"""" ## ;####;######+#########???????? | | ## !!=%!! #???????? | | """ "" # !%!] =! #???????? | | != *%@h #???????? | | % =%h h ]!%#/#########" #####???????? | | " * #% %%= =%! ??????#"T#???????????? | | ## [Y """" "?????####???????????? | | ?# "" # # """" """??????????????????? | | ? # "G" % """" """"?????????????????? | | ???# " " % """" """"?????????????????? | | ???# =%[ ?????????????????? | | ???# ! ###########????????????????? | | ???### ## # #??????????????????????????? | | ???? ??#?## #??????????????????????????? | | ???? ??????# # #??????????????????????????? | | ???????????#"""###+## #??????????????????????????? | | ??????????? ????? ??????????????????????????? | | ?????????? ?????? #??????????????????????????? | | ?????????" ?????? #??????????????????????????? | | ?????????" ??????? #??????????????????????????? | | ?????????? !??????? ???????????????????????????? | | ???????????????????? ???????????????????????????? | | ???????????????????? ???????????????????????????? | | ????????????????????# ???????????????????????????? | | ????????????????????? ???????????????????????????? | | ?????????????????????????????????????????????????? | | ?????????????????????????????????????????????????? | | ?????????????????????????????????????????????????? | +----------------------------------------------------+ Best States ------------- Heat Dissipation 56 Energy Generation 32 Energy Capacity 540 Matter Stores 300 Matter Capacity 300 Sight Range 22 Robot Scan Range 14 Terrain Scan Range 16 Terrain Scan Density 10 Armor Coverage 600 Resistance: TH 30 Evasion (%) 61 Targeting Accuracy 12 Target Analysis 5 Core Analysis 9 Recoil Reduction 4 Offensive Hacking 38 Defensive Hacking 12 Relay Coupler Types 2 Relay Coupler Value 50 Authchip Count 4 Item Schematics ----------------- Plasma Cutter | -9/Materials | Scanalyzed Carbon-fiber Leg | -9/Materials | Scanalyzed Robot Schematics ------------------ None Fabricated ------------ Nothing Repaired ---------- Nothing Alien Tech Used ----------------- None Achievements -------------- Overkill Challenges ------------ None Game ------ Seed MultinovaBurstCharger Manual? 0 Play Time 01:39:02 Cumulative 119.8 hours Start 2025.06.21 @ 07:50:59 End 2025.06.21 @ 18:12:28 Sessions 3 Manual Loads 0 Difficulty Rogue Special Mode None Game No. 145 Rogue 130 Adventurer 15 Explorer 0 Win Type - Total 4 Types 3/0/1/0/0/0/0/0/0/0 Lore% 38 Gallery% 60 Achievement% 55 Wizard Run 0 Options --------- Layout 0 ASCII 0 Keyboard 0 Movement Mouse Keybinds 0 Fullscreen 2 Font 36/Smallcaps Map View 76x50 Zoom Use 0% Tactical HUD 1 Map Filters NONE Filters NONE Steam 1 RUN: 00ec3877-4a86-4b0a-a77a-59245ca1d6e7